 Dungeon Crawl Stone Soup version 0.14.0-9-g9c5475a (webtiles) character file.

897 MDvedh the Grappler (level 7, -8/62 HPs)
             Began as a Troll Death Knight on Apr 14, 2014.
             Was a Priest of Yredelemnul.
             Mangled by a mummy (15 damage)
             ... on Level 5 of the Dungeon.
             The game lasted 00:06:27 (3993 turns).

MDvedh the Grappler (Troll Death Knight)            Turns: 3993, Time: 00:06:27

HP  -8/62        AC  8     Str 24      XL: 7   Next: 57%
MP   5/5         EV  9     Int  7      God: Yredelemnul [***...]
Gold 106         SH  0     Dex  9      Spells:  0 memorised,  6 levels left

rFire  . . .     SeeInvis .       - Unarmed
rCold  . . .     Clarity  .     b - +0 robe
rNeg   . . .     Conserve .     (shield restricted)
rPois  .         rCorr    .     m - +1 hat
rElec  .         rRot     .     e - +1 cloak
SustAb . .       Spirit   .     (gloves unavailable)
rMut   .         Warding  .     (boots unavailable)
Gourm  +         Stasis   .     (no amulet)
MR     .....                    (no ring)
                                (no ring)

@: not resistant to hostile enchantments, very unstealthy
A: unfitting armour, claws 3, fast metabolism 3, gourmand, regeneration 2,
saprovore 2, shaggy fur 1, tough skin 2
a: Animate Dead, Recall Undead Slaves, Injury Mirror, Renounce Religion


You were on level 5 of the Dungeon.
You worshipped Yredelemnul.
Yredelemnul was most pleased with you.
You were full.

You visited 1 branch of the dungeon, and saw 5 of its levels.

You collected 106 gold pieces.

Inventory:

Armour
 b - a +0 robe (worn)
 e - a +1 cloak (worn)
 m - a +1 hat (worn)
Magical devices
 l - a wand of polymorph (11)
 p - a wand of fire (10)
Comestibles
 a - 4 meat rations
 c - a pear
 h - a choko
 i - 3 bread rations
Scrolls
 f - a scroll of amnesia {unknown}
Potions
 d - a potion of agility
 g - a potion of curing
 k - a potion of magic
 n - a potion of haste
 o - 2 potions of heal wounds


   Skills:
 - Level 1.5 Fighting
 - Level 1.2 Dodging
 + Level 8.8 Unarmed Combat
 - Level 2.4 Invocations


You had 6 spell levels left.
You didn't know any spells.

Dungeon Overview and Level Annotations

Branches:
Dungeon (5/15)             Temple (0/1) D:5

Altars:


Innate Abilities, Weirdness & Mutations

You are too large for most types of armour.
You have claws for hands.
Your metabolism is lightning-fast.
You like to eat raw meat.
You heal very quickly.
You can eat rotten meat.
You are covered in fur (AC +1).
You have very tough skin (AC +2).


Message History

* * * LOW HITPOINT WARNING * * *
You are too injured to fight recklessly!
You are too injured to fight recklessly!
You hit Natasha. You claw Natasha.
Natasha is heavily wounded.
Natasha barely misses you. The iron imp hits you!
* * * LOW HITPOINT WARNING * * *
You completely miss Natasha.
Natasha is heavily wounded.
The mummy barely misses you.
Natasha casts a spell.
You claw Natasha!
You kill Natasha!
Yredelemnul accepts your kill.
Natasha screams in fury as she dies!
The iron imp disappears in a puff of smoke!
The crimson imp disappears in a puff of smoke!
You closely miss the mummy. The mummy hits you!
You die...
Your body rises from the dead as a mindless zombie.

##.... ##########..
#...........
###...(..≈≈≈≈≈
#......≈≈≈≈≈≈≈
#.#..≈≈≈≈≈≈≈≈≈ .
♣♣♣♣♣♣#.#.≈≈≈≈≈≈...≈
≈..≈♣♣♣♣♣♣♣#.#.≈≈≈≈≈≈.>.≈
[......M@§.'...≈≈≈≈≈≈...≈
%......).§.'...≈≈≈≈≈≈≈≈≈≈
..≈♣♣♣♣♣♣♣##...≈≈≈≈≈≈≈≈≈
..♣♣♣♣♣♣♣♣##.....≈≈≈≈≈≈≈
. #.......≈≈≈≈≈
#............
#....##...#..
+....+...>+..
#....######..


You could see a mummy.

Vanquished Creatures
  The ghost of Kanakotka the Insei, an average DsMo (D:4)
  A sky beast (D:5)
  An ogre (D:5)
  Sigmund (D:3)
  A crimson imp (D:5)
  A hound (D:4)
  An iguana (D:4)
  Natasha (D:5)
  2 worker ants (D:4)
  Ijyb (D:5)
  Terence (D:2)
  6 adders (D:2)
  2 orc skeletons (D:4)
  3 gnolls (D:3)
  3 worms
  6 giant geckos
  A bat skeleton (D:4)
  9 giant cockroaches
  6 hobgoblins
  3 jackals (D:1)
  4 quokkas
  A ball python (D:1)
  10 bats
  7 giant newts
  14 goblins
  16 kobolds
  14 rats
117 creatures vanquished.

Vanquished Creatures (others)
  A kobold (D:2)
  A quokka (D:2)
2 creatures vanquished.

Grand Total: 119 creatures vanquished

Notes
Turn   | Place    | Note
--------------------------------------------------------------
     0 | D:1      | MDvedh, the Troll Death Knight, began the quest for the Orb.
     0 | D:1      | Reached XP level 1. HP: 19/19 MP: 1/1
   175 | D:1      | Reached XP level 2. HP: 24/27 MP: 1/1
   477 | D:1      | Reached skill level 3 in Unarmed Combat
   932 | D:2      | Reached XP level 3. HP: 28/33 MP: 3/3
   970 | D:2      | Acquired Yredelemnul's second power
   996 | D:2      | Reached skill level 4 in Unarmed Combat
  1164 | D:2      | Reached XP level 4. HP: 41/41 MP: 3/3
  1375 | D:2      | Noticed Terence
  1393 | D:2      | Killed Terence
  1743 | D:2      | Reached skill level 5 in Unarmed Combat
  2302 | D:2      | Acquired Yredelemnul's third power
  2382 | D:3      | Reached XP level 5. HP: 46/48 MP: 3/3
  2722 | D:3      | Noticed Sigmund
  2732 | D:3      | Killed Sigmund
  2732 | D:3      | Reached skill level 6 in Unarmed Combat
  3070 | D:4      | Noticed Kanakotka's ghost (average DsMo)
  3087 | D:4      | HP: 2/48 [Kanakotka's ghost (4)]
  3096 | D:4      | Killed Kanakotka's ghost
  3096 | D:4      | Reached skill level 7 in Unarmed Combat
  3096 | D:4      | Reached XP level 6. HP: 22/55 MP: 5/5
  3732 | D:4      | Reached XP level 7. HP: 62/62 MP: 5/5
  3854 | D:5      | Entered Level 5 of the Dungeon
  3864 | D:5      | Noticed Ijyb
  3865 | D:5      | Found a staircase to the Ecumenical Temple.
  3871 | D:5      | Killed Ijyb
  3880 | D:5      | Reached skill level 8 in Unarmed Combat
  3977 | D:5      | Noticed Natasha
  3992 | D:5      | Killed Natasha
  3993 | D:5      | Mangled by a mummy

Action                   |  1- 3 |  4- 6 |  7- 9 || total
-------------------------+-------+-------+-------++-------
Melee: Unarmed           |   112 |   200 |    58 ||   370
Invok: Animate Dead      |       |     2 |       ||     2
Evoke: Wand              |       |       |     1 ||     1
  Use: Scroll            |       |     5 |     4 ||     9
       Potion            |       |     3 |       ||     3
